 Dungeon Crawl Stone Soup version 0.25-a0-302-g9f758675c1 (webtiles) character file.

Game seed: 17235707046382096528, levelgen mode: deterministic

181510 MisterFreud the Bewitcher (level 17, -21/98 HPs)
             Began as a Felid Skald on Dec 18, 2019.
             Was the Champion of Uskayaw.
             Demolished by a white very ugly thing (40 damage)
             ... on level 1 of the Vaults on Dec 20, 2019.
             The game lasted 03:55:52 (57229 turns).

MisterFreud the Bewitcher (Felid Skald)            Turns: 57229, Time: 03:55:53

Health: -21/98     AC: 26    Str:  7    XL:     17   Next: 4%
Magic:  30/32      EV: 31    Int: 21    God:    Uskayaw [******]
Gold:   861        SH:  0    Dex: 16    Spells: 3/36 levels left
                                        Lives:  0   Deaths: 5

rFire    . . .     SeeInvis +     - Unarmed
rCold    . . .     Gourm    .   (shield unavailable)
rNeg     + . .     Faith    .   (armour unavailable)
rPois    ∞         Spirit   .   (helmet unavailable)
rElec    +         Reflect  .   (cloak unavailable)
rCorr    .         Harm     .   (gloves unavailable)
MR       +++..                  (boots unavailable)
Stlth    ++++......             p - amulet of the acrobat
HPRegen  1.26/turn              E - ring of wizardry
MPRegen  0.23/turn              n - ring of protection from magic

@: statue-form (expiring), regenerating, very slow
A: very small, no armour, no weapons or thrown items, stealth, claws 1, fangs 3,
see invisible, carnivore, slow metabolism 1, sharp paws
}: 2/15 runes: serpentine, barnacled
a: End Transformation, Stomp, Line Pass, Grand Finale, Renounce Religion


You were on level 1 of the Vaults.
You worshipped Uskayaw.
Uskayaw was aware of your devotion.
You were very full.
You were a stone statue.
You visited 7 branches of the dungeon, and saw 33 of its levels.
You visited the Abyss 1 time.
You also visited: Trove and Ice Cave.

You collected 6825 gold pieces.
You spent 5964 gold pieces at shops.

Inventory:

Jewellery
 l - an uncursed ring of wizardry
 n - a ring of protection from magic (right paw)
 p - an amulet of the acrobat (around neck)
 E - a ring of wizardry (left paw)
 I - the ring "Pageid" {Ice -Tele +Inv Int+5 SInv}
   (You found it in a treasure trove)

   [ring of ice]

   It enhances your ice magic.
   It affects your intelligence (+5).
   It makes you vulnerable to fire.
   It protects you from cold.
   It lets you see invisible.
   It lets you turn invisible.
   It prevents most forms of teleportation.
 O - a +3 ring of evasion
 R - a ring of the Octopus King {rCorr AC+1 EV+1 Str+1 Int+1 Dex+1}
   (You found it in a treasure trove)

   [ring of resist corrosion]

   It affects your AC (+1).
   It affects your evasion (+1).
   It affects your strength (+1).
   It affects your intelligence (+1).
   It affects your dexterity (+1).
   It provides partial protection from all sources of acid and corrosion.
Wands
 t - a wand of paralysis (10)
 w - a wand of disintegration (22)
 F - a wand of iceblast (6)
 H - a wand of flame (26)
 K - a wand of enslavement (8)
 L - a wand of digging (7)
 Q - a wand of scattershot (3)
Scrolls
 a - 3 scrolls of teleportation
 e - 4 scrolls of amnesia
 g - 7 scrolls of identify
 h - 12 scrolls of remove curse
 i - 2 scrolls of fear
 k - 4 scrolls of magic mapping
 r - a scroll of holy word
 x - 2 scrolls of fog
 A - 2 scrolls of silence
 M - a scroll of summoning
Potions
 c - 6 potions of flight
 d - a potion of resistance
 f - 2 potions of mutation
 j - 8 potions of curing
 m - 4 potions of haste
 o - a potion of agility
 q - 2 potions of lignification
 u - 2 potions of might
 v - 2 potions of berserk rage
 z - 4 potions of cancellation
 D - a potion of invisibility
 G - 2 potions of ambrosia
 N - 2 potions of brilliance
 P - a potion of magic
Miscellaneous
 y - a phial of floods
 B - a lamp of fire (inert)
Comestibles
 b - 59 rations


   Skills:
 - Level 10.0 Fighting
 - Level 15.0 Dodging
 - Level 10.0 Stealth
 + Level 16.5 Unarmed Combat
 - Level 10.0 Spellcasting
 - Level 20.0 Hexes
 - Level 10.0 Charms
   Level 3.0 Summonings
 - Level 3.0 Translocations
 - Level 14.1 Transmutations
 - Level 6.0 Air Magic
 - Level 10.0 Earth Magic
 - Level 10.0 Invocations
 - Level 5.0 Evocations


You had 3 spell levels left.
You knew the following spells:

 Your Spells              Type           Power        Failure   Level  Hunger
a - Statue Form           Tmut/Erth      ######...    2%          6    ######.
b - Shroud of Golubria    Chrm/Tloc      #####.       1%          2    None
c - Regeneration          Chrm/Necr      ####......   1%          3    None
d - Blink                 Tloc           N/A          1%          2    None
e - Confuse               Hex            #######.     0%          3    None
f - Infusion              Chrm           ####         1%          1    None
g - Deflect Missiles      Chrm/Air       #####.....   16%         6    ######.
h - Invisibility          Hex            #######.     1%          6    ######.
i - Apportation           Tloc           ###...       1%          1    None
j - Lesser Beckoning      Tloc           ###.......   2%          3    None

Your spell library contained the following spells:

 Spells                   Type           Power        Failure   Level  Hunger
 Beastly Appendage        Tmut           ######       0%          1    None
 Confusing Touch          Hex            ######       0%          1    None
 Tukima's Dance           Hex            #######.     0%          3    None
 Shock                    Conj/Air       ###.         1%          1    None
 Summon Butterflies       Summ           ###.....     1%          1    None
 Summon Small Mammal      Summ           ###.         1%          1    None
 Call Imp                 Summ           ###.....     1%          2    None
 Passwall                 Tmut/Erth      ######..     1%          2    None
 Song of Slaying          Chrm           ######..     1%          2    None
 Sticks to Snakes         Tmut           ######..     1%          2    None
 Swiftness                Chrm/Air       #####...     1%          2    None
 Dazzling Flash           Conj/Hex       ######       1%          3    None
 Inner Flame              Hex/Fire       ######..     1%          3    None
 Ozocubu's Armour         Chrm/Ice       ####....     1%          3    None
 Spider Form              Tmut/Pois      #####.....   1%          3    None
 Summon Guardian Golem    Hex/Summ       ######..     1%          3    None
 Animate Skeleton         Necr           N/A          2%          1    None
 Foxfire                  Conj/Fire      ##..         2%          1    None
 Freeze                   Ice            ##..         2%          1    None
 Magic Dart               Conj           ##..         2%          1    None
 Call Canine Familiar     Summ           ###.....     2%          3    None
 Gell's Gravitas          Tloc           ###.......   2%          3    None
 Static Discharge         Conj/Air       ###.....     2%          3    None
 Teleport Other           Tloc           ###.....     2%          3    None
 Searing Ray              Conj           ##....       4%          2    None
 Conjure Flame            Conj/Fire      ##......     8%          3    None
 Cause Fear               Hex            #######...   0%          4    ##.....
 Fulminant Prism          Conj/Hex       ######....   1%          4    ##.....
 Ice Form                 Ice/Tmut       #####...     1%          4    ##.....
 Leda's Liquefaction      Hex/Erth       ######....   1%          4    ##.....
 Petrify                  Tmut/Erth      ######..     1%          4    ##.....
 Blade Hands              Tmut           ######....   1%          5    ####...
 Lee's Rapid Deconstruct  Erth           ######....   1%          5    ####...
 Metabolic Englaciation   Hex/Ice        ######....   1%          5    ####...
 Silence                  Hex/Air        ######....   1%          5    ####...
 Yara's Violent Unravell  Hex/Tmut       ######....   1%          5    ####...
 Darkness                 Hex            #######...   1%          6    ######.
 Airstrike                Air            #####.....   2%          4    ##.....
 Summon Lightning Spire   Summ/Air       ####....     4%          4    ##.....
 Alistair's Intoxication  Tmut/Pois      #####...     4%          5    ####...
 Discord                  Hex            #######...   4%          8    #######
 Passage of Golubria      Tloc           N/A          8%          4    ##.....
 Iskenderun's Mystic Bla  Conj/Tloc      ###.....     14%         4    ##.....
 Summon Ice Beast         Ice/Summ       ###.....     14%         4    ##.....
 Bolt of Magma            Conj/Fire/Erth ###.......   17%         5    ####...
 Lightning Bolt           Conj/Air       ###.......   21%         5    ####...
 Hailstorm                Conj/Ice       ##......     26%         4    ##.....
 Sticky Flame             Conj/Fire      ##......     26%         4    ##.....
 Iron Shot                Conj/Erth      ####......   43%         6    ######.
 Fireball                 Conj/Fire      ##........   54%         5    ####...
 Conjure Ball Lightning   Conj/Air       ###.......   71%         6    ######.
 Shatter                  Erth           ######....   100%        9    #######
 Tornado                  Air            #####.....   100%        9    #######
 Spectral Weapon          Hex/Chrm       Unusable     N/A         3    N/A

Dungeon Overview and Level Annotations

Branches:
Dungeon (15/15)            Temple (1/1) D:7            Lair (6/6) D:9
 Shoals (4/4) Lair:4        Snake (4/4) Lair:3        Slime (0/5) Lair:6
    Orc (2/2) D:11            Elf (0/3) Orc:2        Vaults (1/5) D:13
 Depths (0/5) D:15          IceCv (visited)

Altars:
Ashenzari
Cheibriados
Dithmenos
Elyvilon
Fedhas
Gozag
Hepliaklqana
Kikubaaqudgha
Nemelex Xobeh
Okawaru
Qazlal
Ru
Sif Muna
Trog
Uskayaw
Vehumet
Xom
Yredelemnul
Zin
The Shining One
Beogh
Jiyva

Shops:
D:4 [   D:6 :   D:8 [*%?   D:12 ?   Orc:1 !   Orc:2 :%!   Shoals:1 *
Shoals:2 *   Snake:4 %

Annotations:
D:3 Sigmund
Lair:1 1 runed translucent door, Sloany's ghost, journeyman GrFi
Lair:3 2 transporters, Naannir's ghost, journeyman SpAs
Lair:4 exclusion: oklob plant
Lair:6 1 runed translucent door
Shoals:3 exclusion: kraken
Snake:2 3 runed translucent doors, Akla Ycruhie's ghost, adept DsBe; Suukk's ghost, adept MfIE; Ulakuogh's ghost, adept DDBe; treziel's ghost, journeyman MiBe; yumianxiao's ghost, adept DrCj
Snake:3 exclusion: downstairs


Innate Abilities, Weirdness & Mutations

You cannot wear armour.
You are incapable of wielding weapons or throwing items.
Your paws allow you to move quietly. (Stealth)
You have sharp claws.
You have razor-sharp teeth.
You have supernaturally acute eyesight. (SInv)
You are carnivorous and can eat meat at any time.
((You cover ground quickly.))
((Your thick and shaggy fur keeps you warm. (AC +3, rC+)))
You have a slow metabolism.
Your sharp claws are effective at attacking unaware monsters.


Message History

The vault sentinel shouts!
You scratch the white very ugly thing.
The white very ugly thing is heavily wounded.
The white very ugly thing closely misses you.
The vault sentinel points at you and mumbles some strange words.
You resist with some effort.
You scratch the white very ugly thing.
You claw the white very ugly thing, but do no damage.
The white very ugly thing is heavily wounded.
The white very ugly thing is no longer sharing its pain.
The white very ugly thing claws you! The white very ugly thing freezes you!!
Unknown command.
You claw the white very ugly thing! You claw the white very ugly thing.
The white very ugly thing is severely wounded.
Your transformation is almost over.
The large slime creature is no longer sharing its pain.
The white very ugly thing claws you!
* * * LOW HITPOINT WARNING * * *
The white very ugly thing freezes you!!!
You die...

#.#J'....#...########...##...####
.#.##.J......................#
#.#.######..#.#......#..######
J#.## #.#...#..#.....# #.#.#
#.#..)#......#.# #####
#.†#J#J...#....# .#
#.....(.J.)....# .#
########u####### .#
.......8.....# .# .............#
.# .............# .#
.#...#####...# ## #... ...# #..
...# #. ..p# ## .#


You could see a white very ugly thing, a large slime creature and a vault
sentinel.

Vanquished Creatures
  Bai Suzhen (Snake:4)
  Vashnia (Snake:4)
  Asterion (Snake:2)
  Polyphemus (Shoals:3)
  A tentacled starspawn (Abyss:2)
  Kirke (Lair:4)
  7 nagarajas
  Aizul (Snake:4)
  3 ironheart preservers (Vaults:1)
  3 very ugly things (Vaults:1)
  A dire elephant (D:15)
  Azrael (D:15)
  6 merfolk javelineers
  Snorg (D:10)
  Josephine (Orc:2)
  2 great orbs of eyes
  10 merfolk impalers
  2 ice dragons (Vaults:1)
  12 naga warriors
  6 merfolk avatars
  13 anacondas
  A catoblepas (Shoals:3)
  10 hydras
  A vault guard (D:13)
  4 alligator snapping turtles
  3 death yaks
  5 two-headed ogres
  5 centaur warriors
  A merfolk aquamancer (Shoals:4)
  A satyr (Shoals:3)
  A tengu warrior (D:14)
  A thrashing horror (Abyss:2)
  11 shock serpents
  6 orc high priests
  18 naga sharpshooters
  An ogre mage (Vaults:1)
  Nergalle (Lair:4)
  2 wretched stars (Abyss:2)
  8 skeletal warriors
  8 salamander mystics
  3 wizards
  3 unseen horrors
  18 sea snakes
  Pikel (D:6)
  6 naga ritualists (Snake:4)
  4 lindwurms (Snake:4)
  3 ironbrand convokers (Vaults:1)
  A necromancer (D:13)
  An oklob plant (Lair:3)
  10 fauns
  12 deep elf magi
  12 orc knights
  7 mana vipers
  An orc sorcerer (Orc:2)
  14 harpies
  15 ugly things
  10 manticores
  16 salamanders
  7 cyclopes
  28 black mambas
  2 vault sentinels (Vaults:1)
  An ice statue (IceCv)
  23 naga magi
  An apocalypse crab (Abyss:2)
  A worldbinder (Abyss:2)
  6 guardian serpents
  3 water nymphs
  10 merfolk sirens
  2 smoke demons (Abyss:2)
  A torpor snail (Lair:6)
  Joseph (D:7)
  7 spiny frogs
  A gargoyle (D:15)
  7 komodo dragons
  2 kobold demonologists (D:14)
  2 rime drakes
  A komodo dragon (shapeshifter) (D:13)
  A freezing wraith (Vaults:1)
  An efreet (Abyss:2)
  2 ice devils (D:14)
  3 tengu conjurers
  5 yaktaurs
  32 merfolk
  A queen bee (D:11)
  7 wind drakes
  3 hellwings (Abyss:2)
  8 trolls
  An ancient zyme (Abyss:2)
  17 polar bears
  15 slime creatures
  6 hornets
  16 blink frogs
  A hippogriff (shapeshifter) (D:13)
  13 hippogriffs
  A blink frog (shapeshifter) (D:13)
  A dream sheep (Lair:6)
  9 snapping turtles
  A centaur simulacrum (D:15)
  5 redbacks (D:14)
  A shadow (D:12)
  5 wraiths
  7 water elementals (Shoals:4)
  A vampire (D:13)
  3 ynoxinuls (Abyss:2)
  66 yaks
  2 hungry ghosts
  20 humans
  8 spriggans
  6 wyverns
  2 basilisks (Lair:6)
  A chaos spawn (Abyss:2)
  A golden eye (shapeshifter) (D:15)
  2 fire elementals (D:15)
  3 vampire mosquitoes (D:12)
  28 nagas
  4 large abominations (Abyss:2)
  A water moccasin (shapeshifter) (D:14)
  4 wargs
  A soldier ant (D:15)
  6 hell hounds (D:15)
  9 porcupines
  13 water moccasins
  An ice beast (D:15)
  38 orc warriors
  6 phantoms
  6 sky beasts
  3 slaves (D:6)
  6 black bears
  A black bear (shapeshifter) (Vaults:1)
  An eye of draining (D:14)
  4 boggarts
  17 ogres
  30 wolves
  13 centaurs
  9 crocodiles
  2 big kobolds
  21 bullfrogs
  Dowan (D:4)
  A gnoll sergeant (D:8)
  A scorpion (D:14)
  A wyvern skeleton (D:6)
  15 wights
  20 killer bees (D:11)
  11 electric eels
  2 howler monkeys
  A vampire bat (Lair:3)
  6 centaur zombies
  7 crimson imps
  A human simulacrum (Vaults:1)
  2 quasits
  3 bullfrog zombies
  31 orc priests
  8 bullfrog skeletons
  An iron imp (Abyss:2)
  3 jellies
  5 hounds
  27 orc wizards
  7 centaur skeletons
  3 iguanas
  13 worker ants
  2 small abominations (Abyss:2)
  A killer bee zombie (D:7)
  A hound skeleton (D:5)
  2 worker ant zombies
  4 howler monkey zombies
  9 adders
  10 gnolls
  A howler monkey skeleton (D:11)
  6 shadow imps
  A white imp (Abyss:2)
  An ufetubus (Abyss:2)
  An ooze (D:1)
  An adder zombie (D:7)
  A worm (D:5)
  3 dart slugs
  6 leopard geckos
  119 orcs
  2 ball pythons
  18 bats
  6 giant cockroaches
  4 goblins
  7 hobgoblins
  16 jackals
  16 kobolds
  6 quokkas
  7 frilled lizards
  A giant cockroach zombie (D:5)
  2 jackal zombies (D:8)
  2 leopard gecko skeletons
  A quokka skeleton (D:6)
  8 rats
  A plant (Shoals:4)
  2 starspawn tentacles (Abyss:2)
  3 tentacles (Shoals:3)
1348 creatures vanquished.

Vanquished Creatures (collateral kills)
  A manticore (Shoals:4)
  A black mamba (Lair:2)
  A merfolk (Shoals:4)
  A hog (Lair:4)
  A basilisk (Lair:2)
  A vampire mosquito (D:12)
  Duvessa (D:4)
  2 gnolls
  An orc (D:11)
  2 kobolds
12 creatures vanquished.

Vanquished Creatures (others)
  A salamander (Snake:4)
  A black mamba (Snake:4)
  A human (Lair:4)
  A slave (D:6)
  A killer bee (D:11)
  A bush (Lair:6)
  26 fungi
  55 plants
  2 starspawn tentacles (Abyss:2)
  13 tentacles (Shoals:3)
102 creatures vanquished.

Grand Total: 1462 creatures vanquished

Notes
Turn   | Place    | Note
-------+----------+-------------------------------------------
     0 | D:1      | MisterFreud the Felid Skald began the quest for the Orb.
     0 | D:1      | Reached XP level 1. HP: 9/9 MP: 4/4
   504 | D:1      | Reached XP level 2. HP: 13/13 MP: 3/6
   785 | D:1      | Learned a level 2 spell: Shroud of Golubria
  1367 | D:1      | Reached XP level 3. HP: 13/17 MP: 2/7
  1828 | D:2      | Reached skill level 1 in Translocations
  2604 | D:2      | Reached XP level 4. HP: 21/22 MP: 5/8
  2809 | D:2      | Learned a level 3 spell: Regeneration
  3189 | D:3      | Reached skill level 1 in Stealth
  3357 | D:3      | Found a bloodstained altar of Trog.
  3358 | D:3      | Noticed Sigmund
  3396 | D:3      | Reached XP level 5. HP: 18/25 MP: 1/9
  3822 | D:4      | Noticed Duvessa
  3822 | D:4      | Noticed Dowan
  4114 | D:5      | Entered Level 5 of the Dungeon
  4114 | D:5      | Noticed a phantom
  4661 | D:3      | Learned a level 2 spell: Call Imp
  4672 | D:3      | Found a radiant altar of Vehumet.
  4672 | D:3      | Found a glowing silver altar of Zin.
  4855 | D:3      | Gained mutation: You are covered in thick fur. (AC +2)
                  | [Felid growth]
  4855 | D:3      | Reached XP level 6. HP: 28/28 MP: 2/10
  4880 | D:3      | Slain by a gnoll
  4881 | D:3      | Reached XP level 5. HP: -2/25 MP: 2/9
  5186 | D:4      | Killed Duvessa
  5186 | D:4      | Reached skill level 5 in Dodging
  5417 | D:4      | Killed Dowan
  5417 | D:4      | Reached XP level 6. HP: 24/28 MP: 0/10
  5615 | D:4      | Found Gasuohuv's Antique Armour Boutique.
  6071 | D:4      | Reached XP level 7. HP: 32/33 MP: 3/11
  6498 | D:4      | Reached skill level 5 in Unarmed Combat
  6507 | D:4      | Reached skill level 5 in Fighting
  7096 | D:5      | Found a glowing golden altar of the Shining One.
  7104 | D:5      | Reached XP level 8. HP: 38/38 MP: 6/12
  7197 | D:5      | Reached skill level 5 in Stealth
  8229 | D:6      | Noticed Pikel
  8237 | D:6      | Paralysed by Pikel for 3 turns
  8623 | D:6      | Killed Pikel
  8623 | D:6      | Reached XP level 9. HP: 21/41 MP: 7/13
  8787 | D:6      | Reached skill level 10 in Dodging
  8798 | D:6      | Found a stormy altar of Qazlal.
  8801 | D:6      | Found a basalt altar of Yredelemnul.
  8806 | D:6      | Found an opulent altar of Gozag.
  8806 | D:6      | Found a blossoming altar of Fedhas.
  8806 | D:6      | Found an ancient bone altar of Kikubaaqudgha.
  8911 | D:6      | Reached skill level 1 in Summonings
  8925 | D:6      | Found Qaimnoup's Book Emporium.
  9348 | D:6      | Bought a book of Misfortune for 260 gold pieces
  9352 | D:6      | Learned a level 3 spell: Confuse
  9420 | D:6      | Found a white marble altar of Elyvilon.
  9579 | D:7      | Found a staircase to the Ecumenical Temple.
  9586 | Temple   | Entered the Ecumenical Temple
  9590 | Temple   | Became a worshipper of Uskayaw the Reveler
  9605 | D:7      | Reached * piety under Uskayaw
  9609 | D:7      | Reached ** piety under Uskayaw
  9612 | D:7      | Reached skill level 2 in Hexes
  9809 | D:7      | Reached skill level 3 in Hexes
  9884 | D:7      | Found a shadowy altar of Dithmenos.
 10182 | D:7      | Reached skill level 4 in Hexes
 10194 | D:7      | Reached *** piety under Uskayaw
 10322 | D:7      | Reached skill level 5 in Hexes
 10451 | D:7      | Noticed Joseph
 10739 | D:7      | Reached skill level 6 in Hexes
 11110 | D:7      | Killed Joseph
 11110 | D:7      | Reached skill level 7 in Hexes
 11332 | D:7      | Found an iron altar of Okawaru.
 11675 | D:8      | Reached skill level 8 in Hexes
 12047 | D:8      | Reached XP level 10. HP: 45/45 MP: 17/17
 12254 | D:8      | Found Guferem's Magic Scroll Shoppe.
 12286 | D:8      | Bought a scroll of fog for 26 gold pieces
 12286 | D:8      | Bought a scroll of blinking for 97 gold pieces
 12286 | D:8      | Bought a scroll of fear for 45 gold pieces
 12387 | D:8      | Found Foateigi's Food Shoppe.
 12485 | D:8      | Found a glowing golden altar of the Shining One.
 12485 | D:8      | Noticed an angel
 12494 | D:8      | Found Duwn's Hallowed Reliquary.
 12517 | D:8      | Found Ovu Neb's Antique Armour Boutique.
 13445 | D:9      | Found a staircase to the Lair.
 13625 | D:9      | Reached skill level 1 in Evocations
 14166 | D:9      | Reached skill level 1 in Invocations
 14295 | D:10     | Entered Level 10 of the Dungeon
 14746 | D:10     | Noticed a two-headed ogre
 14755 | D:10     | Killed a two-headed ogre
 14864 | D:10     | Noticed Snorg
 14885 | D:10     | Killed Snorg
 14885 | D:10     | Reached XP level 11. HP: 24/51 MP: 10/18
 15687 | D:11     | Noticed an unseen horror
 15758 | D:11     | Reached skill level 5 in Evocations
 16480 | D:11     | Reached skill level 5 in Invocations
 17053 | D:11     | Reached **** piety under Uskayaw
 17059 | D:11     | Found a staircase to the Orcish Mines.
 17083 | D:11     | Reached ***** piety under Uskayaw
 17424 | D:11     | Noticed a two-headed ogre
 17438 | D:11     | Killed a two-headed ogre
 17755 | D:11     | Killed an unseen horror
 18158 | D:12     | Noticed a brown ugly thing
 18178 | D:12     | Killed a brown ugly thing
 19030 | D:12     | Found Icubeat's Magic Scroll Boutique.
 19033 | D:12     | Bought a scroll of fear for 49 gold pieces
 19249 | Lair:1   | Entered Level 1 of the Lair of Beasts
 19270 | Lair:1   | Reached skill level 10 in Unarmed Combat
 19572 | Lair:1   | Noticed a seven-headed hydra
 19727 | Lair:1   | Killed a seven-headed hydra
 19727 | Lair:1   | Gained mutation: Your thick and shaggy fur keeps you warm.
                  | (AC +3, rC+) [Felid growth]
 19727 | Lair:1   | Reached XP level 12. HP: 20/55 MP: 16/19
 20005 | Lair:1   | Learned a level 6 spell: Statue Form
 20086 | Lair:1   | Found a runed translucent door.
 20086 | Lair:1   | Noticed Sloany's ghost (journeyman GrFi)
 20632 | Lair:2   | Reached skill level 1 in Transmutations
 20644 | Lair:2   | HP: 1/55 [porcupine's spines (12)]
 21107 | Lair:2   | Reached skill level 1 in Earth Magic
 21150 | Lair:2   | Noticed a six-headed hydra
 21156 | Lair:2   | Killed a six-headed hydra
 21156 | Lair:2   | Reached skill level 10 in Stealth
 21226 | Lair:2   | Noticed a four-headed hydra
 21442 | Lair:2   | Killed a four-headed hydra
 21767 | Lair:2   | Noticed a four-headed hydra
 21919 | Lair:2   | Killed a four-headed hydra
 21919 | Lair:2   | Reached skill level 5 in Spellcasting
 22302 | Lair:3   | Found a basalt altar of Yredelemnul.
 22353 | Lair:3   | Found a staircase to the Snake Pit.
 22513 | Lair:3   | Noticed a seven-headed hydra
 22816 | Lair:3   | Noticed Naannir's ghost (journeyman SpAs)
 22824 | Lair:3   | Found a transporter.
 22824 | Lair:3   | Found a transporter.
 23220 | Lair:3   | Killed a seven-headed hydra
 23242 | Lair:3   | Noticed a five-headed hydra
 23482 | Lair:3   | Killed a five-headed hydra
 24201 | Lair:4   | Reached XP level 13. HP: 55/58 MP: 14/22
 24247 | Lair:4   | Found a staircase to the Shoals.
 24428 | Lair:4   | Reached skill level 10 in Invocations
 24438 | Lair:4   | Reached skill level 5 in Transmutations
 25506 | Lair:4   | Slain by a spiny frog
 25507 | Lair:4   | Reached XP level 12. HP: 0/55 MP: 18/22
 25507 | Lair:4   | Noticed Nergalle
 25512 | Lair:4   | Killed Nergalle
 25797 | Lair:4   | Noticed Kirke
 25811 | Lair:4   | Killed Kirke
 25811 | Lair:4   | Reached skill level 5 in Earth Magic
 26516 | Lair:5   | Noticed a seven-headed hydra
 27107 | Lair:5   | Killed a seven-headed hydra
 27193 | Lair:6   | Entered Level 6 of the Lair of Beasts
 27193 | Lair:6   | Found a runed translucent door.
 27193 | Lair:6   | Found a viscous altar of Jiyva.
 27697 | Lair:6   | Found a staircase to the Slime Pits.
 27951 | Lair:6   | Noticed an eight-headed hydra
 27964 | Lair:6   | Killed an eight-headed hydra
 29282 | Lair:6   | Reached XP level 13. HP: 48/58 MP: 19/25
 30109 | Lair:6   | Reached ****** piety under Uskayaw
 31135 | D:13     | Learned a level 6 spell: Deflect Missiles
 32110 | D:13     | Found a portal to a secret trove of treasure.
 32443 | D:13     | Reached skill level 10 in Transmutations
 33023 | D:13     | Found a gate to the Vaults.
 33266 | D:14     | Found a frozen archway.
 33480 | IceCv    | Entered an ice cave
 33747 | IceCv    | Reached XP level 14. HP: 63/63 MP: 27/27
 33943 | IceCv    | Noticed a frost giant
 35352 | D:14     | Found a glowing golden altar of the Shining One.
 35367 | D:14     | Reached skill level 5 in Charms
 35741 | D:15     | Entered Level 15 of the Dungeon
 36105 | D:15     | Reached skill level 1 in Air Magic
 36193 | D:15     | HP: 1/83 [mirror damage (28)]
 37687 | D:15     | Found a staircase to the Depths.
 38030 | D:15     | Reached XP level 15. HP: 65/68 MP: 21/28
 38115 | Orc:1    | Entered Level 1 of the Orcish Mines
 38390 | Orc:1    | Found Cohioc's Distillery.
 38403 | Orc:1    | Bought a potion of resistance for 140 gold pieces
 38403 | Orc:1    | Bought a potion of resistance for 140 gold pieces
 38403 | Orc:1    | Bought a potion of curing for 42 gold pieces
 38482 | D:13     | You paid a toll of 3 potions of resistance to enter a
                  | treasure trove
 38483 | Trove    | Entered a treasure trove
 38483 | Trove    | Found the ring of the Octopus King
 38486 | Trove    | Got a scintillating marble ring
 38488 | Trove    | Got a ring of the Octopus King
 38500 | Trove    | Got a fine platinum ring
 38502 | Trove    | Got a faintly glowing emerald amulet
 38514 | Trove    | Identified the amulet of Liberty {Harm *Drain rElec} (You
                  | found it in a treasure trove)
 38525 | Trove    | Got a steaming granite ring
 38528 | Trove    | Got a transparent zirconium amulet
 38529 | Trove    | Identified the amulet of Upsikluej {Gourm *Contam Str+8}
                  | (You found it in a treasure trove)
 38540 | Trove    | Got a heavily runed lapis lazuli ring
 38583 | D:13     | Identified a ring of the Octopus King {rCorr AC+1 EV+1
                  | Str+1 Int+1 Dex+1} (You found it in a treasure trove)
 38643 | D:12     | Bought a scroll of identify for 28 gold pieces
 38643 | D:12     | Bought a scroll of identify for 28 gold pieces
 38643 | D:12     | Bought a scroll of identify for 28 gold pieces
 38643 | D:12     | Identified the ring "Nowuc" {*Slow +Blink rCorr Dex+4
                  | Stlth+} (You found it in a treasure trove)
 38644 | D:12     | Identified the ring of Qonanoi {rPois rN+ Str+4} (You found
                  | it in a treasure trove)
 38645 | D:12     | Identified the ring "Pageid" {Ice -Tele +Inv Int+5 SInv}
                  | (You found it in a treasure trove)
 38752 | D:8      | Bought a scroll of identify for 26 gold pieces
 38752 | D:8      | Identified the ring "Hipt" {rElec rPois Int+3} (You found
                  | it in a treasure trove)
 39143 | Orc:2    | Entered Level 2 of the Orcish Mines
 39143 | Orc:2    | Found a staircase to the Elven Halls.
 39146 | Orc:2    | Noticed Josephine
 39193 | Orc:2    | Found a roughly hewn altar of Beogh.
 39319 | Orc:2    | Reached skill level 10 in Fighting
 39816 | Orc:2    | Killed Josephine
 40622 | Orc:2    | Found Naesohuv's Book Shoppe.
 40622 | Orc:2    | Found Ugommok's Book Shoppe.
 40623 | Orc:2    | Found Remowusef's Distillery.
 40623 | Orc:2    | Found Ataoguag's Food Shoppe.
 40786 | D:12     | Bought a scroll of acquirement for 728 gold pieces
 40788 | D:12     | Bought a scroll of acquirement for 728 gold pieces
 40788 | D:12     | Bought a scroll of magic mapping for 49 gold pieces
 40933 | Orc:2    | Bought a book of Burglary for 975 gold pieces
 40937 | Orc:2    | Bought a manual of Hexes for 1435 gold pieces
 40944 | Orc:2    | Learned a level 6 spell: Invisibility
 41133 | D:15     | Noticed Azrael
 41265 | D:15     | Reached skill level 9 in Hexes
 41329 | D:15     | Killed Azrael
 41329 | D:15     | Reached skill level 10 in Hexes
 41915 | Snake:1  | Entered Level 1 of the Snake Pit
 42037 | Snake:1  | Reached skill level 11 in Hexes
 42464 | Snake:1  | Reached skill level 12 in Hexes
 43156 | Snake:2  | Reached skill level 13 in Hexes
 43174 | Snake:2  | Noticed Asterion
 43182 | Snake:2  | Killed Asterion
 43207 | Snake:2  | Learned a level 2 spell: Blink
 43212 | Snake:2  | Reached XP level 16. HP: 73/73 MP: 29/29
 43313 | Snake:2  | Reached skill level 14 in Hexes
 43315 | Snake:2  | Slain by a naga mage
 43316 | Snake:2  | Reached XP level 15. HP: -1/89 MP: 28/28
 43601 | Snake:2  | Found a runed translucent gate.
 43601 | Snake:2  | Found a runed translucent gate.
 43604 | Snake:2  | Noticed Akla Ycruhie's ghost (adept DsBe)
 43605 | Snake:2  | Found a runed translucent gate.
 43605 | Snake:2  | Noticed Ulakuogh's ghost (adept DDBe)
 43605 | Snake:2  | Noticed Suukk's ghost (adept MfIE)
 43605 | Snake:2  | Noticed treziel's ghost (journeyman MiBe)
 43605 | Snake:2  | Noticed yumianxiao's ghost (adept DrCj)
 43700 | Snake:2  | Noticed a nagaraja
 43706 | Snake:2  | Killed a nagaraja
 43706 | Snake:2  | Reached skill level 15 in Hexes
 43995 | D:6      | Bought a book of Cantrips for 260 gold pieces
 43997 | D:6      | Learned a level 1 spell: Apportation
 44611 | Snake:3  | Reached skill level 16 in Hexes
 44748 | Snake:3  | Reached skill level 15 in Dodging
 45212 | Snake:4  | Entered Level 4 of the Snake Pit
 45231 | Snake:4  | Found Zuhee's Food Shoppe.
 45256 | Snake:4  | Noticed Bai Suzhen
 45469 | Snake:4  | Noticed Aizul
 45484 | Snake:4  | Killed Aizul
 45625 | Snake:4  | Mangled by a salamander
 45626 | Snake:4  | Reached XP level 14. HP: -7/85 MP: 25/28
 45752 | Snake:4  | Killed Bai Suzhen
 45752 | Snake:4  | Reached skill level 10 in Spellcasting
 45752 | Snake:4  | Reached skill level 17 in Hexes
 45901 | Snake:4  | Reached XP level 15. HP: 40/69 MP: 30/30
 46126 | Snake:4  | Noticed Vashnia
 46129 | Snake:4  | Noticed a nagaraja
 46162 | Snake:4  | HP: 3/69 [Vashnia/bolt (17)]
 46428 | Snake:4  | HP: 4/89 [Vashnia/bolt (18)]
 46563 | Shoals:1 | Entered Level 1 of the Shoals
 47023 | Shoals:1 | Reached skill level 18 in Hexes
 47188 | Shoals:1 | Found Izeagigu's Island Escapes.
 47346 | Shoals:2 | Upgraded the game from 0.25-a0-294-gea9b1ad378 to
                  | 0.25-a0-302-g9f758675c1
 47621 | Shoals:2 | Found Zompiuca's Assorted Antiques.
 47636 | Shoals:2 | Bought a potion of heal wounds for 160 gold pieces
 47636 | Shoals:2 | Bought a scroll of blinking for 240 gold pieces
 47636 | Shoals:2 | Bought a paperback book for 480 gold pieces
 48696 | Shoals:3 | Cast into level 2 of the Abyss (merfolk)
 48818 | Abyss:2  | Found a sacrificial altar of Ru.
 48840 | Abyss:2  | Reached skill level 5 in Air Magic
 48870 | Abyss:2  | Noticed a tentacled starspawn
 48881 | Abyss:2  | Killed a tentacled starspawn
 48924 | Abyss:2  | Noticed an ancient lich
 49043 | Abyss:2  | Reached XP level 16. HP: 50/58 MP: 21/31
 49047 | Shoals:3 | Escaped the Abyss
 49091 | Shoals:3 | Noticed a kraken
 49832 | Shoals:3 | Noticed Polyphemus
 50115 | Shoals:3 | Killed Polyphemus
 50139 | Shoals:3 | Reached skill level 10 in Charms
 51077 | Snake:4  | Killed Vashnia
 51093 | Snake:4  | Reached skill level 19 in Hexes
 51570 | Snake:4  | Learned a level 3 spell: Lesser Beckoning
 51700 | Snake:4  | Reached skill level 10 in Earth Magic
 52420 | Snake:4  | Reached skill level 20 in Hexes
 53524 | Snake:4  | Reached XP level 17. HP: 76/76 MP: 12/32
 53869 | Snake:4  | Got a serpentine rune of Zot
 54145 | Shoals:4 | Entered Level 4 of the Shoals
 55661 | Shoals:4 | Reached skill level 15 in Unarmed Combat
 55731 | Shoals:4 | Got a barnacled rune of Zot
 56424 | Vaults:1 | Entered Level 1 of the Vaults
 56767 | Vaults:1 | Killed from afar by a war gargoyle
 56768 | Vaults:1 | Reached XP level 16. HP: -11/73 MP: 26/31
 57216 | Vaults:1 | Reached XP level 17. HP: 69/76 MP: 30/32
 57229 | Vaults:1 | Demolished by a white very ugly thing

Levels and vault maps discovered:
D:1:      elethiomel_arrival_maze, layout_loops_corners, minmay_hexomino_p4
D:2:      layout_basic, minmay_joined_circles
D:3:      layout_loops_cross, lemuel_round_altar,
          gammafunk_temple_overflow_wave, uniq_sigmund
D:4:      layout_loops_ring, serial_shops, shop, first_ration,
          corexii_leaking_fountain, eino_small_chamber_without_monster,
          supply_closet_lemuel, uniq_duvessa
D:5:      layout_rooms, basic_altar
D:6:      layout_loops_ring, minitemple, basic_altar, serial_shops,
          kennysheep_mini_moat, kennysheep_decorative_pillar,
          minmay_misc_feat_x, uniq_pikel
D:7:      layout_basic, nicolae_overflow_hidden_temple,
          grunt_dithmenos_smoke_and_mirrors, minmay_temple_entry_glass,
          uniq_joseph
D:8:      layout_loops_corners, serial_shops, nicolae_shop_overgrown_old_shop,
          nicolae_shop_window_shopping, kennysheep_little_box, nicolae_good_shop
D:9:      layout_roguey, lair_entry_dummy
D:10:     layout_gridville, uniq_snorg
D:11:     layout_long_grid, hiddenorc2_lemuel, david_nohive_1,
          roderic_roman_lattice
D:12:     layout_roguey, serial_shops, shop
D:13:     layout_rooms, grunt_vaults_entry_tiered, enter_trove_1,
          chequers_serial_rivers_room_a
D:14:     layout_gridville, portal_ice_cave_demonic_guard, serial_park_gazebo
          [serial_park_minivault_5x5_3], basic_altar, corner_web_ring,
          chequers_jeans, drop_trap
D:15:     hangedman_depths_entry_try_elsewhere_first, layout_small_grid,
          ebering_dispersal_statue_hall, kb_tengu_band, uniq_azrael
Temple:   nicolae_temple_x_marks_the_god
Lair:1:   layout_hall_layers, gammafunk_ghost_grave,
          nicolae_quartered_pool_little, st_stairs_13, serial_bayou_shore_a
Lair:2:   layout_loops_ring, hangedman_lair_generics_rect,
          infiniplex_staircase_pool, lemuel_fruit_fields
Lair:3:   layout_hall_layers, guppyfry_snake_entry_island, gammafunk_ghost_hive,
          roderic_batcave, lemuel_oklob_altar
Lair:4:   layout_layer_cave, minmay_shoals_entry_beasts, grunt_megastairs_3,
          lemuel_fruit_tree, minmay_lair_oklob_chamber, uniq_kirke,
          uniq_nergalle
Lair:5:   layout_cave_shapes, patterned_corridor, serial_bayou_shore_b
Lair:6:   minmay_lair_end_enchanted_forest, layout_loops_ring, slime_altar_2,
          serial_bayou, serial_bayou_lake_a, serial_bayou_pond_d,
          serial_bayou_pond_b, serial_bayou_lagoon_b
Shoals:1: layout_shoals, nicolae_island_escapes
Shoals:2: layout_shoals, serial_shops, nicolae_shop_trees
Shoals:3: layout_shoals, uniq_polyphemus
Shoals:4: shoals_end_simple, layout_shoals
Snake:1:  layout_layer_cave
Snake:2:  layout_misc_corridors, gammafunk_ghost_cemetery, uniq_asterion
Snake:3:  layout_grid_shapes
Snake:4:  snake_pit_salamanders_mu, layout_misc_corridors, serial_shops, shop,
          uniq_vashnia, uniq_bai_suzhen, uniq_aizul
Orc:1:    layout_caves, serial_shops, shop
Orc:2:    st_orc_pillars, layout_caves, basic_altar, elves_outpost_lemuel,
          uniq_josephine
Vaults:1: dpeg_vaults_pockets_of_resistance, nicolae_vaults_little_squares_1,
          v_rooms_2, nicolae_vaults_network_quincunx
          [nicolae_vaults_network_quincunx_subvault,
          nicolae_vaults_network_quincunx_subvault,
          nicolae_vaults_network_quincunx_subvault,
          nicolae_vaults_network_quincunx_subvault,
          nicolae_vaults_network_quincunx_subvault], hangedman_vaults_nodes,
          v_pattern_1, hangedman_vaults_hat, vaults_room_door_ring,
          ontoclasm_vaults_gateway, nicolae_vaults_network_s,
          nicolae_vaults_angled_halls, v_misc_24, grunt_vaults_bifocal,
          layout_vaults_omnibox

Skill      XL: |  1  2  3  4  5  6  7  8  9 10 11 12 13 14 15 16 17 |
---------------+----------------------------------------------------+-----
Fighting       | 3 4 6 8 9 10 | 10.0
Translocations | 2 3 |  3.0
Stealth        | 1 4 6 9 10 | 10.0
Dodging        | 5 6 9 10 11 15 | 15.0
Unarmed Combat | 3 4 6 8 10 11 12 16 15 | 16.5
Summonings     | 3 |  3.0
Hexes          | 8 17 18 20 | 20.0
Spellcasting   | 4 7 8 10 9 | 10.0
Evocations     | 4 5 |  5.0
Invocations    | 3 7 9 10 | 10.0
Transmutations | 7 11 12 13 14 | 14.1
Earth Magic    | 6 8 9 10 | 10.0
Charms         | 6 8 10 | 10.0
Air Magic      | 3 5 6 |  6.0

Action                   |  1- 3 |  4- 6 |  7- 9 | 10-12 | 13-15 | 16-18 || total
-------------------------+-------+-------+-------+-------+-------+-------++-------
Melee: Unarmed           |   137 |   267 |   385 |   968 |  2133 |   856 ||  4746
       Bite              |     8 |    17 |    36 |    95 |   173 |    71 ||   400
       Punch             |     1 |     2 |     6 |    37 |    85 |    41 ||   172
 Cast: Infusion          |    19 |    22 |    29 |    13 |       |       ||    83
       Shroud of Golubri |     6 |    26 |    47 |   106 |    72 |       ||   257
       Call Imp          |       |     2 |     6 |    17 |       |       ||    25
       Confuse           |       |       |    18 |   213 |   174 |    52 ||   457
       Statue Form       |       |       |       |       |   119 |    65 ||   184
       Regeneration      |       |       |       |       |    14 |    36 ||    50
       Deflect Missiles  |       |       |       |       |    18 |     8 ||    26
       Invisibility      |       |       |       |       |     4 |       ||     4
       Lesser Beckoning  |       |       |       |       |       |     2 ||     2
Invok: Stomp             |       |       |       |       |     4 |       ||     4
       Grand Finale      |       |       |       |       |     3 |     2 ||     5
 Abil: End Transformatio |       |       |       |       |     3 |     1 ||     4
Evoke: Wand              |       |       |       |    34 |    17 |    21 ||    72
       Lamp of fire      |       |       |       |     1 |     4 |     3 ||     8
       Box of beasts     |       |       |       |     2 |     2 |     1 ||     5
       Phial of floods   |       |       |       |       |     1 |       ||     1
  Use: Scroll            |     2 |     6 |     7 |    14 |    30 |    14 ||    73
       Potion            |       |       |       |     3 |     8 |     4 ||    15
 Stab: Sleeping          |     5 |     6 |    15 |    48 |    39 |     4 ||   117
       Distracted        |       |       |     2 |     5 |     3 |     5 ||    15
       Confused          |       |       |     9 |   105 |    96 |    16 ||   226
       Paralysed         |       |       |     3 |    32 |   123 |    47 ||   205
       Invisible         |       |       |       |       |     3 |       ||     3
  Eat: Chunk             |    11 |    15 |    17 |    50 |    96 |    58 ||   247
       Ration            |       |       |       |       |     4 |     2 ||     6
Armor: Skin              |     9 |     8 |    17 |    17 |   528 |   254 ||   833
Dodge: Dodged            |   143 |   215 |   391 |  1007 |  3381 |  1647 ||  6784
       Deflected         |       |       |       |       |    85 |    53 ||   138

Table legend:
 A = Non-vault XP
 B = Vault XP
 C = Vault XP percentage of total XP
 D = Non-vault monster count
 E = Vault monster count
 F = Vault count percentage of total count
                 A         B        C        D         E       F
            +---------+---------+-------+---------+---------+-------
      Total |  227470 |  180896 |  44.3 |     905 |     447 |  33.1
            +---------+---------+-------+---------+---------+-------
        D:1 |      43 |       3 |   6.5 |      21 |       2 |   8.7
        D:2 |      83 |      17 |  17.0 |      28 |      11 |  28.2
        D:3 |     142 |       0 |   0.0 |      16 |       0 |   0.0
        D:4 |     827 |     193 |  18.9 |      26 |       2 |   7.1
        D:5 |    1017 |       0 |   0.0 |      22 |       0 |   0.0
        D:6 |     764 |     454 |  37.3 |      21 |       1 |   4.5
        D:7 |    1249 |     412 |  24.8 |      29 |       1 |   3.3
        D:8 |    1181 |       0 |   0.0 |      29 |       0 |   0.0
        D:9 |    1810 |       0 |   0.0 |      16 |       0 |   0.0
       D:10 |    2437 |    1134 |  31.8 |      28 |       1 |   3.4
       D:11 |    6344 |    1656 |  20.7 |      50 |      49 |  49.5
       D:12 |    4789 |     200 |   4.0 |      34 |       1 |   2.9
       D:13 |    6779 |    6276 |  48.1 |      29 |      24 |  45.3
       D:14 |   16115 |    2689 |  14.3 |      50 |       7 |  12.3
       D:15 |   16681 |    5494 |  24.8 |      52 |      13 |  20.0
     Lair:1 |    2847 |     142 |   4.8 |      12 |       1 |   7.7
     Lair:2 |    4826 |    2557 |  34.6 |      20 |       8 |  28.6
     Lair:3 |    4403 |    1148 |  20.7 |      12 |      12 |  50.0
     Lair:4 |    6234 |    4930 |  44.2 |      27 |      15 |  35.7
     Lair:5 |    3357 |     469 |  12.3 |      14 |       3 |  17.6
     Lair:6 |    6910 |    5499 |  44.3 |      36 |      31 |  46.3
   Shoals:1 |    9929 |       0 |   0.0 |      19 |       0 |   0.0
   Shoals:2 |   18021 |     880 |   4.7 |      33 |       1 |   2.9
   Shoals:3 |   15724 |    5216 |  24.9 |      28 |       5 |  15.2
   Shoals:4 |   13015 |   23186 |  64.0 |      32 |      35 |  52.2
    Snake:1 |   11871 |       0 |   0.0 |      23 |       0 |   0.0
    Snake:2 |   14647 |    2688 |  15.5 |      25 |       1 |   3.8
    Snake:3 |   14891 |       0 |   0.0 |      29 |       0 |   0.0
    Snake:4 |   16575 |   65951 |  79.9 |      30 |      78 |  72.2
      Orc:1 |    2810 |       0 |   0.0 |      25 |       0 |   0.0
      Orc:2 |    2947 |   16394 |  84.8 |      32 |      68 |  68.0
   Vaults:1 |    6505 |   22653 |  77.7 |      29 |      31 |  51.7
    Abyss:2 |   11697 |       0 |   0.0 |      28 |       0 |   0.0
      IceCv |       0 |   10655 | 100.0 |       0 |      46 | 100.0
            +---------+---------+-------+---------+---------+-------
